 Dungeon Crawl Stone Soup version 0.32-a0-361-g289a535e89 (webtiles) character file.

Game seed: 509855409597304336

3903 Ceno the Fighter (level 10, -9/110 HPs)
             Began as an Oni Warper on Feb 18, 2024.
             Was a Follower of Okawaru.
             Mangled by a yak (14 damage)
             ... on level 9 of the Dungeon.
             The game lasted 00:24:36 (9626 turns).

Ceno the Fighter (Oni Warper)                       Turns: 9626, Time: 00:24:36

Health: -9/110     AC:  5    Str: 25    XL:     10   Next: 20%
Magic:  2/28       EV:  9    Int: 16    God:    Okawaru [*.....]
Gold:   603        SH:  5    Dex:  8    Spells: 10/21 levels left

rFire   . . .        I - +0 dire flail
rCold   + . .        (shield currently unavailable)
rNeg    . . .        w - +2 robe {rC+}
rPois   .            (helmet restricted)
rElec   .            (no cloak)
rCorr   .            (gloves unavailable)
SInv    .            (boots unavailable)
Will    +....        j - amulet of reflection
Stlth   +            l - +6 ring of strength
HPRegen 0.38/turn    b - ring of magical power
MPRegen 0.21/turn

%: reflection
@: very slightly contaminated, invisible
A: large, unfitting armour, horns 1, tough skin 1, double potion healing,
drunken brawling
a: Renounce Religion, Heroism


You were on level 9 of the Dungeon.
You worshipped Okawaru.
Okawaru was aware of your devotion.
You visited 2 branches of the dungeon, and saw 10 of its levels.

You collected 603 gold pieces.

Inventory:

Hand Weapons
 a - a +0 giant spiked club
 u - a +0 giant club
 I - a +0 dire flail (weapon)
Missiles
 d - 7 darts of dispersal
 m - 45 stones (quivered)
 o - 5 javelins
 A - 4 poisoned darts
 C - 4 throwing nets
 D - 15 boomerangs
Armour
 w - a +2 robe of cold resistance (worn)
Jewellery
 b - a ring of magical power (right hand)
 j - an amulet of reflection (around neck)
 l - a +6 ring of strength (left hand)
Scrolls
 c - 2 scrolls of blinking
 e - a scroll of silence
 g - 2 scrolls of teleportation
 h - a scroll of enchant weapon {unknown}
 i - a scroll of summoning {unknown}
 k - a scroll of identify
 p - a scroll of fear {unknown}
 r - a scroll of amnesia
 t - a scroll of immolation {unknown}
 x - a scroll of enchant armour
 y - a scroll of noise
 E - 2 scrolls of vulnerability {unknown}
 G - a scroll of revelation {unknown}
 J - a scroll of brand weapon {unknown}
Potions
 f - 2 potions of lignification
 n - a potion of brilliance
 q - a potion of enlightenment
 v - a potion of cancellation
 B - 2 potions of might {unknown}
 F - a potion of mutation {unknown}
 H - a potion of attraction {unknown}


   Skills:
 + Level 9.8 Fighting
 + Level 9.1 Maces & Flails
 - Level 1.0 Throwing
 - Level 2.1 Dodging
 + Level 6.0 Spellcasting
 + Level 7.1 Translocations


You had 10 spell levels left.
You knew the following spells:

 Your Spells              Type           Power      Damage    Failure   Level
a - Blink                 Tloc           54%        N/A       1%          2
b - Teleport Other        Tloc           27%        N/A       2%          3
c - Lesser Beckoning      Tloc           54%        N/A       1%          2
d - Manifold Assault      Tloc           27%        N/A       7%          4

Your spell library contained the following spells:

 Spells                   Type           Power      Damage    Failure   Level
 Apportation              Tloc           54%        N/A       1%          1
 Volatile Blastmotes      Fire/Tloc      32%        2d12      10%         3
 Necrotise                Necr           16%        1d4       14%         1
 Sting                    Conj/Alch      16%        1d4       14%         1
 Sublimation of Blood     Necr           4%         N/A       21%         2
 Vhi's Electric Charge    Tloc/Air       32%        N/A       30%         4
 Dazzling Flash           Conj/Hex       8%         N/A       38%         3
 Ignite Poison            Fire/Alch      4%         N/A       80%         4
 Sticky Flame             Fire/Alch      4%         2d4       80%         4
 Starburst                Conj/Fire      2%         6d3       100%        6
 Ignition                 Fire           2%         3d3       100%        8
 Maxwell's Capacitive Co  Air            2%         ∞         100%        8
 Summon Small Mammal      Summ           Unusable   N/A       N/A         1
 Call Imp                 Summ           Unusable   N/A       N/A         2
 Call Canine Familiar     Summ           Unusable   N/A       N/A         3
 Summon Ice Beast         Ice/Summ       Unusable   N/A       N/A         3
 Summon Blazeheart Golem  Fire/Summ      Unusable   N/A       N/A         4
 Summon Mana Viper        Hex/Summ       Unusable   N/A       N/A         5
 Monstrous Menagerie      Summ           Unusable   N/A       N/A         7
 Summon Hydra             Summ           Unusable   N/A       N/A         7

Dungeon Overview and Level Annotations

Branches:
Dungeon (9/15)             Temple (1/1) D:7
   Lair: D:8-11         Orc: D:9-12

Altars:
Ashenzari
Cheibriados
Dithmenos
Elyvilon
Fedhas
Gozag
Hepliaklqana
Kikubaaqudgha
Makhleb
Nemelex Xobeh
Okawaru
Qazlal
Ru
Sif Muna
Trog
Uskayaw
Vehumet
Wu Jian
Xom
Yredelemnul
Zin
The Shining One
Beogh
Ignis
Jiyva
Lugonu

Annotations:
D:8 2 transporters, exclusion: ice statue, xianbchi's ghost, novice NaBe


Innate Abilities, Weirdness & Mutations

You are too large for most types of armour.
You have a pair of small horns on your head.
You have tough skin. (AC +1)
You gain doubled healing and magic from potions.
Whenever you drink a healing potion, you attack all around you.


Message History

You barely miss the yak. You headbutt the yak.
You kill the yak!
Okawaru accepts your kill.
Your Spellcasting skill increases to level 6!
Casting: Manifold Assault (dangerous; 7% risk of failure)
Confirm with . or Enter, or press ? or * to list all spells.
You miscast Manifold Assault.
You are very lightly contaminated with residual magic.
Space warps crazily around you.
You are magically locked in place.
You hit the yak but do no damage. The yak gores you!
* * * LOW HITPOINT WARNING * * *
You hit the yak. You headbutt the yak.
The yak is lightly wounded.
You block the yak's attack.
You closely miss the yak. You headbutt the yak.
The yak is moderately wounded.
The yak gores you.
* * * LOW HITPOINT WARNING * * *
You puncture the yak!
The yak is heavily wounded.
You are no longer firmly anchored in space.
You are no longer robbed of momentum.
You block the yak's attack.
You hit the yak.
The yak is heavily wounded.
The yak gores you but does no damage.
You barely miss the yak.
The yak is heavily wounded.
The yak gores you!
* * * LOW HITPOINT WARNING * * *
You hit the yak but do no damage.
The yak is heavily wounded.
You puncture the yak!
The yak is almost dead.
The yak gores you.
* * * LOW HITPOINT WARNING * * *
You fade into invisibility!
The yak snorts and paws the ground.
The yak gores you!
You die...

............... ...[...
#####.#.#.######.......
#.#....♣~..........
#†####.~~..........
#.##...~~P.........
#)##.#~~♣~..#######
#....###~...# #..#
#....#### #.. #....@YY#
#... #######....~. .
.~~~~ ~~~~ ♣~~ ~


You could see 2 yaks.

Vanquished Creatures
  Prince Ribbit (D:7)
  6 yaks (D:9)
  2 steam dragons
  2 water moccasins (D:6)
  A black bear (D:5)
  4 ogres
  A phantom (D:6)
  4 centaurs
  3 bullfrogs
  Blork the orc (D:5)
  A gnoll sergeant (D:7)
  5 wights (D:7)
  6 killer bees (D:9)
  An electric eel (D:9)
  A howler monkey (D:6)
  A bombardier beetle (D:4)
  2 orc priests
  A gnoll bouda (D:7)
  A hound (D:5)
  A jelly (D:4)
  An iguana (D:6)
  2 sleepcaps
  Jessica (D:2)
  An orc wizard (D:8)
  15 gnolls
  5 adders
  3 white imps (D:6)
  3 ribbon worms
  11 orcs
  3 bats (D:1)
  6 endoplasms
  3 giant cockroaches
  7 hobgoblins
  7 jackals
  4 quokkas
  6 ball pythons
  4 frilled lizards
  9 goblins
  2 kobolds
  2 rats
140 creatures vanquished.

Notes
Turn   | Place    | Note
-------+----------+-------------------------------------------
     0 | D:1      | Ceno the Oni Warper began the quest for the Orb.
     0 | D:1      | Reached XP level 1. HP: 22/22 MP: 3/3
   139 | D:1      | Reached XP level 2. HP: 28/31 MP: 5/5
   419 | D:1      | Learned a level 2 spell: Blink
   458 | D:1      | Reached XP level 3. HP: 37/37 MP: 6/6
  1032 | D:1      | Identified the +9 falchion of Ceubleta {freeze, Int+3}
  1060 | D:2      | Noticed Jessica
  1186 | D:2      | Reached XP level 4. HP: 44/46 MP: 7/7
  1207 | D:2      | Learned a level 3 spell: Teleport Other
  1210 | D:2      | Learned a level 2 spell: Lesser Beckoning
  1451 | D:2      | Found a faded altar of an unknown god.
  1520 | D:2      | Killed Jessica
  1779 | D:3      | Reached XP level 5. HP: 54/54 MP: 8/8
  2597 | D:4      | Noticed an ogre
  2935 | D:5      | Entered Level 5 of the Dungeon
  2953 | D:5      | Noticed an ogre
  2973 | D:5      | Killed an ogre
  2974 | D:5      | Reached XP level 6. HP: 55/63 MP: 9/9
  3004 | D:4      | Reached skill level 5 in Fighting
  3122 | D:5      | Reached skill level 5 in Maces & Flails
  3248 | D:5      | Reached XP level 7. HP: 72/72 MP: 10/10
  3449 | D:5      | Identified the +0 leather armour of the Abyss {rPois rN+
                  | Stlth-}
  4463 | D:5      | Noticed Blork the orc
  4483 | D:5      | Killed Blork the orc
  5242 | D:6      | Reached XP level 8. HP: 84/84 MP: 11/11
  5252 | D:6      | Reached skill level 5 in Translocations
  6430 | D:7      | Noticed Prince Ribbit
  6453 | D:7      | Killed Prince Ribbit
  6743 | D:6      | Reached XP level 9. HP: 66/96 MP: 14/14
  7730 | D:7      | Learned a level 4 spell: Manifold Assault
  7889 | D:7      | Found a staircase to the Ecumenical Temple.
  7900 | Temple   | Entered the Ecumenical Temple
  7946 | Temple   | Became a worshipper of Warmaster Okawaru
  8427 | D:8      | Noticed an ice statue
  8427 | D:8      | Noticed a centaur warrior
  8428 | D:8      | Noticed xianbchi's ghost (novice NaBe)
  8448 | D:8      | Noticed a centaur warrior
  8564 | D:8      | Found a transporter.
  8567 | D:8      | Found a transporter.
  8794 | D:8      | Noticed a red ugly thing
  9207 | D:8      | Noticed a cyclops
  9210 | D:8      | Noticed a troll
  9264 | D:8      | Noticed a cyan ugly thing
  9264 | D:8      | Noticed a troll
  9268 | D:9      | HP: 4/97 [killer bee (8)]
  9268 | D:9      | HP: 1/97 [kobold/+0 club (3)]
  9433 | D:9      | Reached skill level 5 in Spellcasting
  9601 | D:9      | Reached XP level 10. HP: 48/107 MP: 2/18
  9602 | D:9      | Reached * piety under Okawaru
  9625 | D:9      | HP: 4/110 [yak (6)]
  9626 | D:9      | Mangled by a yak

Illustrated notes

Levels and vault maps discovered:
D:1:      minmay_arrival_stone_box, layout_loops_ring, wad_woods_river_04
D:2:      layout_rooms, dreamdust_ecumenical_altar_grove, uniq_jessica
D:3:      layout_loops_cross, amethyst_killhole
D:4:      cheibrodos_old_hovel, layout_basic
D:5:      layout_basic, uniq_blork_the_orc
D:6:      layout_basic, serial_co_window_serial, co_window_paths_a,
          co_window_paths_b, co_window_of_opportunity_a,
          co_window_of_opportunity_a, co_window_paths_a, co_window_paths_a,
          co_window_of_opportunity_c, co_window_broadway_b,
          co_window_unsneaky_path_d, co_window_unsneaky_path_d,
          co_window_4corner_b, glass_columns_b
D:7:      layout_loops_ring, minmay_temple_entry_junction_2, uniq_prince_ribbit1
D:8:      cheibrodos_elevator_heist, layout_loops_ring, nzn_ghost_randoct,
          minmay_misc_feat_encased, minmay_misc_feat_cross,
          minmay_tree_intersection, minmay_gold_behind_fungi
D:9:      layout_basic, serial_bayou, serial_bayou_pond_e, serial_bayou_lake_a,
          serial_bayou_pond_d, serial_bayou_lagoon_a, serial_shops,
          nicolae_shop_bloodbath_and_beyond
Temple:   hellmonk_choose_your_character

Skill      XL: |  1  2  3  4  5  6  7  8  9 10 |
---------------+-------------------------------+-----
Fighting       | 3 4 5 6 7 9 |  9.8
Translocations | 3 4 5 6 7 |  7.1
Maces & Flails | 3 4 5 6 7 8 9 |  9.1
Spellcasting   | 3 5 6 |  6.0
Throwing       | |  1.0
Dodging        | |  2.1

Action                     |  1- 3 |  4- 6 |  7- 9 | 10-12 || total
---------------------------+-------+-------+-------+-------++-------
  Melee: Mace              |   113 |    97 |    73 |       ||   283
         Headbutt          |    19 |    12 |    47 |     6 ||    84
         Dire flail        |       |       |   288 |    24 ||   312
  Throw: Stone             |     1 |     4 |     4 |       ||     9
         Dart              |       |     2 |     2 |       ||     4
         Javelin           |       |     3 |     5 |       ||     8
         Throwing net      |       |       |     3 |       ||     3
         Boomerang         |       |       |     1 |       ||     1
   Cast: Manifold Assault  |       |       |    22 |       ||    22
         Teleport Other    |       |       |     2 |       ||     2
         Blink             |       |       |     2 |       ||     2
    Use: Scroll            |       |     6 |     9 |       ||    15
         Potion            |       |       |     5 |     1 ||     6
 Armour: Robe              |    58 |    55 |   234 |    12 ||   359
         Skin              |       |       |    54 |       ||    54
  Dodge: Dodged            |    41 |    42 |   129 |     2 ||   214
  Block: Other             |    19 |    13 |    70 |     4 ||   106
         Reflection        |       |     1 |     1 |       ||     2

Table legend: (Time is in decaauts)
 A = Elapsed time spent in this place.
 B = Non-inter-level travel time spent in this place.
 C = Inter-level travel time spent in this place.
 D = Time resting spent in this place.
 E = Time spent auto-exploring this place.
 F = Levels seen in this place.
 G = Mean time per level.
                   A        B        C        D        E       F      G
               +--------+--------+--------+--------+--------+-----+--------+
         Total |   9672 |   9167 |    505 |   1735 |   5086 |  10 |  967.2 |
       Dungeon |   9611 |   9119 |    492 |   1735 |   5086 |   9 | 1067.9 |
        Temple |     60 |     47 |     13 |      0 |      0 |   1 |   60.0 |
               +--------+--------+--------+--------+--------+-----+--------+

Top non-repeatable levels by time:
     D:6: 1936 daAuts
     D:5: 1338 daAuts
     D:7: 1300 daAuts
     D:1: 1109 daAuts
     D:3: 1032 daAuts
     D:4: 961 daAuts
     D:8: 895 daAuts
     D:2: 637 daAuts
     D:9: 400 daAuts
  Temple: 60 daAuts
